General information
- name: BNet
- type: Ladder 1vs1/FFA
- host: Battle.net
- saver: ZombieMachoMan
map: MeltingValley
- players: 2
- length: 13:00
- speed: Fast
- version: 1.26 W3XP
- replay type: Public
» download(33 KB)
Players
team 1 (loser)

»
hammertest (
green | 23 APM | 301 actions | 12:59)
1 Dreadlord
1 Vampiric Aura
» actions
| Assign group hotkey | 5 | |
| Build / train | 28 | |
| Enter build submenu | 13 | |
| Enter hero's abilities submenu | 1 | |
| Right click | 131 | |
| Select / deselect | 97 | |
| Select group hotkey | 11 | |
| Use ability | 15 | |
301 total
» units
» upgrades
| Unholy Strength | 1 | |
| Cannibalize | 1 | |
2 total
» buildings
| Graveyard | 1 | |
| Crypt | 3 | |
| Ziggurat | 5 | |
| Altar of Darkness | 2 | |
| Spirit Tower | 3 | |
| Necropolis | 1 | |
| Halls of the Dead | 1 | |
16 total
» build order
01:04 Graveyard
01:10 Crypt
01:31 Ziggurat
01:42 Altar of Darkness
02:02 Crypt
02:32 Ziggurat
03:29 Spirit Tower
05:13 Spirit Tower
05:19 Ziggurat
06:40 Necropolis
06:46 Spirit Tower
08:30 Crypt
08:34 Ziggurat
08:59 Altar of Darkness
09:51 Halls of the Dead
10:44 Ziggurat
team 2 (winner)
ZombieMachoMan (
orange | 57 APM | 737 actions | 13:00)
2 Archmage
1 Blizzard
1 Brilliance Aura
» actions
| Assign group hotkey | 25 | |
| Basic commands | 23 | |
| Build / train | 57 | |
| ESC pressed | 7 | |
| Enter build submenu | 27 | |
| Enter hero's abilities submenu | 2 | |
| Right click | 264 | |
| Select / deselect | 194 | |
| Select group hotkey | 70 | |
| Use ability | 68 | |
737 total
» units
| Peasant | 23 | |
| Footman | 7 | |
| Mortar Team | 3 | |
33 total
» upgrades
» buildings
| Lumber Mill | 1 | |
| Scout Tower | 14 | |
| Guard Tower | 15 | |
| Farm | 6 | |
| Altar of Kings | 1 | |
| Barracks | 2 | |
| Keep | 1 | |
| Blacksmith | 1 | |
| Arcane Vault | 1 | |
| Workshop | 1 | |
| Castle | 1 | |
44 total
» build order
00:06 Lumber Mill
01:01 Scout Tower
01:04 Scout Tower
01:05 Scout Tower
01:14 Guard Tower
01:29 Guard Tower
01:30 Guard Tower
01:51 Guard Tower
01:52 Guard Tower
02:11 Scout Tower
02:20 Farm
02:32 Scout Tower
02:32 Guard Tower
02:39 Guard Tower
02:56 Guard Tower
03:05 Scout Tower
03:27 Guard Tower
03:32 Scout Tower
03:54 Scout Tower
03:58 Guard Tower
04:25 Guard Tower
05:24 Altar of Kings
05:29 Barracks
05:34 Farm
05:34 Farm
05:48 Scout Tower
05:56 Scout Tower
06:06 Scout Tower
06:10 Scout Tower
06:10 Guard Tower
06:14 Scout Tower
06:17 Scout Tower
06:36 Guard Tower
06:44 Guard Tower
07:05 Guard Tower
07:48 Keep
07:53 Farm
07:53 Farm
07:54 Farm
09:36 Blacksmith
09:44 Arcane Vault
09:48 Barracks
10:32 Workshop
11:00 Castle
» items
Chat log
(00:15 / All) ZombieMachoMan: you havent uninstalled yet?
(00:39 / All) hammertest: ???
(00:52 / All) ZombieMachoMan: youve played like 2000 ga)mes and youre awful
(05:07 / All) ZombieMachoMan: wow
(05:12 / All) ZombieMachoMan: you lost to a tower rush with UNDEAD
(05:16 / All) ZombieMachoMan: and it was right in your base
(05:20 / All) ZombieMachoMan: thats sad
(06:25 / All) ZombieMachoMan: wow
(06:26 / All) ZombieMachoMan: wow
(06:27 / All) ZombieMachoMan: wow
(06:31 / All) ZombieMachoMan: youre fucking terrible
(06:42 / All) ZombieMachoMan: and youve been around a LONG time
(06:46 / All) ZombieMachoMan: why are you so bad?
(07:41 / All) ZombieMachoMan: youre still trying to win
(07:43 / All) ZombieMachoMan: LOL
(08:27 / All) ZombieMachoMan: LOL
(08:34 / All) ZombieMachoMan: leave noob
(09:25 / All) ZombieMachoMan: why are you still here?
(09:27 / All) ZombieMachoMan: do you expect to win?
(11:59 / All) ZombieMachoMan: and yes youve put necropolises around the map
(12:03 / All) ZombieMachoMan: but i expect you to do that
(12:07 / All) ZombieMachoMan: because youre an angry nerd
(12:38 / All) ZombieMachoMan: lalala
(12:40 / All) ZombieMachoMan: angry nerd is angry
(12:56 / All) ZombieMachoMan: so angry but cant play for shit